 Dungeon Crawl Stone Soup version 0.31.0-32-g396128a36d (webtiles) character file.

Game seed: 9634345355823546527

5544 grerr the Toxicologist (level 10, 0/59 (60) HPs)
             Began as an Octopode Alchemist on Feb 28, 2024.
             Was a Priest of Sif Muna.
             Killed by the air
             ... invoked by Gastronok
              (26 damage)
             ... on level 8 of the Dungeon on Mar 27, 2024.
             The game lasted 00:54:31 (9438 turns).

grerr the Toxicologist (Octopode Alchemist)         Turns: 9438, Time: 00:54:32

HP:   0/59 (60)     AC:  7    Str:  7    XL:     10   Next: 71%
MP:   18/19         EV: 19    Int: 23    God:    Sif Muna [***...]
Gold: 212           SH:  0    Dex: 12    Spells: 7/21 levels left

rFire   x . .        b - staff of alchemy
rCold   + . .        (no shield)
rNeg    . . .        t - +2 hat
rPois   +            D - amulet of magic regeneration
rElec   .            g - ring of ice
rCorr   .            o - +5 ring of evasion
SInv    .            j - +4 ring of protection
Will    .....        u - ring of wizardry
Stlth   ++++         (no ring)
HPRegen 0.29/turn    (no ring)
MPRegen 0.56/turn    (no ring)
                     (no ring)

%: wizardry (x1)
@: slowed, lightly drained, very slow
A: almost no armour, amphibious, 8 rings, camouflage 1, gelatinous body 1,
(nimble swimmer 1), tentacles
a: Renounce Religion, Channel Magic, Forget Spell


You were on level 8 of the Dungeon.
You worshipped Sif Muna.
Sif Muna was most pleased with you.
You visited 2 branches of the dungeon, and saw 9 of its levels.

You collected 572 gold pieces.
You spent 360 gold pieces at shops.

Inventory:

Hand Weapons
 x - a +3 quarterstaff of chaos
Missiles
 f - 22 poisoned darts
 h - 4 atropa-tipped darts
 w - 2 boomerangs
Armour
 t - a +2 hat (worn)
Magical Staves
 b - a staff of alchemy (weapon)
Jewellery
 g - a ring of ice (left tentacle)
 j - a +4 ring of protection (on tentacle)
 o - a +5 ring of evasion (right tentacle)
 u - a ring of wizardry (on tentacle)
 D - an amulet of magic regeneration (around mantle)
Wands
 l - a wand of roots (9)
 m - a wand of light (7)
 s - a wand of paralysis (17)
 z - a wand of polymorph (12)
Scrolls
 k - 2 scrolls of enchant armour
 n - a scroll of poison
 r - a scroll of vulnerability {unknown}
 y - a scroll of revelation {unknown}
 A - a scroll of teleportation {unknown}
 C - a scroll of silence
 E - a scroll of torment {unknown}
Potions
 a - a potion of magic
 c - a potion of brilliance
 d - 2 potions of haste
 e - 2 potions of attraction
 i - a potion of mutation
 p - a potion of invisibility
 q - a potion of ambrosia
 v - a potion of enlightenment {unknown}
 B - 2 potions of degeneration {unknown}


   Skills:
 + Level 2.1 Fighting
 + Level 4.7 Staves
 + Level 2.3 Throwing
 + Level 4.5 Dodging
 + Level 7.3 Stealth
 + Level 3.9 Unarmed Combat
 + Level 6.4 Spellcasting
 + Level 5.6 Conjurations
 + Level 2.3 Air Magic
 + Level 9.1 Alchemy
 + Level 2.4 Evocations


You had 7 spell levels left.
You knew the following spells:

 Your Spells              Type           Power      Damage    Failure   Level
a - Sting                 Conj/Alch      100%       1d9       1%          1
b - Mercury Vapours       Alch/Air       100%       N/A       1%          2
c - Mephitic Cloud        Conj/Alch/Air  50%        N/A       1%          3
d - Olgreb's Toxic Radia  Alch           65%        N/A       1%          4
e - Dispel Undead         Necr           7%         3d8       32%         4

Your spell library contained the following spells:

 Spells                   Type           Power      Damage    Failure   Level
 Kiss of Death            Conj/Necr      80%        2d11      1%          1
 Summon Small Mammal      Summ           28%        N/A       3%          1
 Sticky Flame             Fire/Alch      42%        2d8       4%          4
 Irradiate                Conj/Alch      29%        3d21      4%          5
 Call Canine Familiar     Summ           7%         N/A       10%         3
 Confusing Touch          Hex            7%         N/A       10%         3
 Inner Flame              Hex/Fire       7%         N/A       10%         3
 Yara's Violent Unravell  Hex/Alch       21%        3d10      14%         5
 Arcjolt                  Conj/Air       12%        1d22      17%         5
 Vhi's Electric Charge    Tloc/Air       24%        N/A       21%         4
 Martyr's Knell           Necr/Summ      7%         N/A       32%         4
 Haunt                    Necr/Summ      3%         N/A       100%        7
 Ignition                 Fire           3%         3d4       100%        8
 Maxwell's Capacitive Co  Air            9%         ∞         100%        8


Dungeon Overview and Level Annotations

Branches:
Dungeon (8/15)             Temple (1/1) D:6            Lair (0/5) D:8

Altars:
Ashenzari
Cheibriados
Dithmenos
Elyvilon
Hepliaklqana
Kikubaaqudgha
Makhleb
Nemelex Xobeh
Okawaru
Qazlal
Ru
Sif Muna
Trog
Uskayaw
Wu Jian
Xom
Yredelemnul
Zin
The Shining One

Shops:
D:8 =

Annotations:
D:8 Gastronok


Innate Abilities, Weirdness & Mutations

You cannot wear most types of armour.
You are amphibious.
You can wear up to eight rings at the same time.
Your skin changes colour to match your surroundings (Stealth+).
Your rubbery body absorbs attacks. (AC +1, EV +1)
((You are camouflaged when in or above water. (Stealth+)))
You have tentacles for arms and can constrict up to eight enemies at once.


Message History

Casting: Olgreb's Toxic Radiance (dangerous; 1% risk of failure)
Confirm with . or Enter, or press ? or * to list all spells.
Aiming: Mephitic Cloud (safe; 1% risk of failure)
Press: ? - help, Shift-Dir - straight line, f/p - Gastronok
Aim: Gastronok, wearing a +0 hat of stealth (lightly wounded, blind, unable to see you, poisoned, chance to affect: 5%)
You feel a surge of power!
The ball explodes into a vile cloud!
The stinking cloud engulfs Gastronok.
Gastronok is lightly wounded.
Your toxic aura wanes.
Casting: Mephitic Cloud (safe; 1% risk of failure)
Confirm with . or Enter, or press ? or * to list all spells.
Aiming: Sting (safe; 1% risk of failure)
Press: ? - help, Shift-Dir - straight line, f/p - Gastronok
Aim: Gastronok, wearing a +0 hat of stealth (noxious fumes, lightly wounded, blind, unable to see you, poisoned, 100% to hit)
You feel a surge of power!
The sting hits Gastronok!
Gastronok looks even sicker.
Gastronok is moderately wounded.
Gastronok is engulfed in noxious fumes.
Gastronok appears confused.
You hit Gastronok but do no damage.
Gastronok is moderately wounded.
You hit Gastronok. You squeeze Gastronok!
Gastronok is moderately wounded.
Gastronok is no longer blind.
You hit Gastronok. You squeeze Gastronok!
Gastronok is heavily wounded.
Gastronok seems less confused.
Gastronok is engulfed in noxious fumes.
Gastronok bites you!!
You hit Gastronok but do no damage. You squeeze Gastronok.
Gastronok is heavily wounded.
You hit Gastronok but do no damage.
Gastronok is heavily wounded.
Gastronok is engulfed in noxious fumes.
Gastronok bites you!
Gastronok is engulfed in noxious fumes.
Gastronok casts a spell at you.
You feel yourself slow down.
Gastronok is engulfed in noxious fumes.
Gastronok waves his eye-stalks in wide circles.
The air twists around and strikes you!!
You die...
Gastronok gurgles, "About time.
I'm starving!"

#.#.#.# #.#.............###.###.
.(..#.# #.#.............# #..##.
#####.# #......>........####.##.
#.....# ###.......§°○.........#.
##)##.# #.......§w##.######.##
##[#### ##.......###.# #...
......# #......[###.### #.#.
......# ##.....##.....####'#.
..[...# ##.@.###...........#
......##########.###............#
..[.[w##...[....................#
...)..##.###.###.###............'
.........#.....#.# #............#
......#..#.....#.# #............#
.....###.........# #............#
####.###.#.....#.###............#
#.......#..)..#.......##.......#


You could see Gastronok (poisoned).

Vanquished Creatures
  Maurice (D:8)
  An elephant (D:8)
  Psyche (D:8)
  A hornet (D:8)
  3 wyverns (D:8)
  A basilisk (D:8)
  2 water moccasins
  3 orc warriors (D:8)
  2 black bears
  A sky beast (D:4)
  3 ogres
  A phantom (D:6)
  5 centaurs
  A kobold brigand (D:8)
  2 scorpions
  13 wights
  A vampire bat (D:5)
  3 orc priests
  Crazy Yiuf (D:4)
  3 bombardier beetles
  9 hounds
  5 jellies
  A gnoll bouda (D:7)
  4 iguanas
  3 sleepcaps
  6 orc wizards
  10 gnolls
  3 adders (D:4)
  4 white imps
  An ufetubus (D:5)
  A ribbon worm (D:2)
  3 dart slugs
  3 fire bats (D:5)
  26 orcs
  2 spectral bats (D:5)
  14 bats
  3 bat skeletons (D:5)
  A bat zombie (D:5)
  5 endoplasms
  2 giant cockroaches
  16 goblins
  7 hobgoblins
  8 jackals
  14 kobolds
  7 quokkas
  3 ball pythons
  A bat simulacrum (D:5)
  5 frilled lizards
  4 rats
220 creatures vanquished.

Vanquished Creatures (others)
  A bombardier beetle (D:6)
1 creature vanquished.

Grand Total: 221 creatures vanquished

Notes
Turn   | Place    | Note
-------+----------+-------------------------------------------
     0 | D:1      | grerr the Octopode Alchemist began the quest for the Orb.
     0 | D:1      | Reached XP level 1. HP: 11/11 MP: 3/3
   115 | D:1      | Reached XP level 2. HP: 4/17 MP: 0/5
   280 | D:1      | Found a faded altar of an unknown god.
   521 | D:1      | Reached skill level 4 in Alchemy
   564 | D:1      | Reached XP level 3. HP: 20/21 MP: 1/6
  1187 | D:2      | Reached skill level 1 in Unarmed Combat
  1555 | D:3      | Reached XP level 4. HP: 27/27 MP: 5/7
  1778 | D:3      | Found a sacrificial altar of Ru.
  2133 | D:3      | Learned a level 2 spell: Mercury Vapours
  2137 | D:3      | Learned a level 3 spell: Mephitic Cloud
  2345 | D:3      | Reached XP level 5. HP: 21/32 MP: 0/8
  2553 | D:4      | Found a stormy altar of Qazlal.
  2889 | D:4      | Reached skill level 5 in Alchemy
  2889 | D:4      | Reached XP level 6. HP: 37/37 MP: 6/10
  3162 | D:4      | Noticed a sky beast
  3182 | D:5      | Entered Level 5 of the Dungeon
  3318 | D:5      | Noticed a water moccasin
  3596 | D:5      | Found a hide-covered altar of Uskayaw.
  3752 | D:5      | Reached XP level 7. HP: 39/42 MP: 8/12
  3848 | D:5      | You fall into a shaft and drop 2 floors!
  3862 | D:7      | Reached skill level 1 in Throwing
  3989 | D:7      | Found a burning altar of Makhleb.
  4094 | D:6      | Found a staircase to the Ecumenical Temple.
  4113 | D:6      | Reached skill level 1 in Fighting
  4113 | D:6      | Reached skill level 1 in Air Magic
  4146 | Temple   | Entered the Ecumenical Temple
  4159 | Temple   | Became a worshipper of Sif Muna the Loreminder
  4280 | D:6      | Reached XP level 8. HP: 48/48 MP: 1/14
  4335 | D:6      | Reached skill level 6 in Alchemy
  4966 | D:4      | Reached * piety under Sif Muna
  5252 | D:4      | Found a runed translucent door.
  5253 | D:4      | Noticed Crazy Yiuf
  5258 | D:4      | Upgraded the game from 0.31.0-12-g77e489cdc1 to
                  | 0.31.0-32-g396128a36d
  5832 | D:5      | Reached skill level 7 in Alchemy
  5991 | D:5      | Reached XP level 9. HP: 53/53 MP: 10/16
  5996 | D:5      | Learned a level 4 spell: Olgreb's Toxic Radiance
  6001 | D:5      | Learned a level 4 spell: Dispel Undead
  6245 | D:5      | Reached ** piety under Sif Muna
  6246 | D:5      | Reached skill level 5 in Spellcasting
  6383 | D:6      | Found an iron altar of Okawaru.
  6383 | D:6      | Found a runed translucent door.
  6522 | D:4      | Killed Crazy Yiuf
  6700 | D:6      | Found the +0 toga "Victory" {*Victory Clar}
  6982 | D:8      | Reached skill level 1 in Staves
  7004 | D:8      | Got Sif Muna's Precepts of Assistive Bad Luck
  7153 | D:8      | Noticed an elephant
  7282 | D:8      | Noticed Maurice
  7293 | D:8      | Reached skill level 5 in Conjurations
  7306 | D:8      | Killed an elephant
  7307 | D:8      | Reached skill level 5 in Stealth
  7307 | D:8      | Reached skill level 8 in Alchemy
  7309 | D:8      | Something stole 387 gold
  7311 | D:8      | Something stole 80 gold
  7465 | D:8      | Noticed a hornet
  7477 | D:8      | Killed a hornet
  7597 | D:8      | Reached XP level 10. HP: 59/59 MP: 14/18
  7702 | D:8      | Killed Maurice
  7813 | D:8      | Found a staircase to the Lair.
  7861 | D:8      | Noticed Gastronok
  8224 | D:8      | Reached *** piety under Sif Muna
  8237 | D:8      | Found Tempoosa's Jewellery Boutique.
  8251 | D:8      | Bought an amulet of magic regeneration for 360 gold pieces
  8381 | D:7      | Found a glowing silver altar of Zin.
  8383 | D:7      | Found a glowing golden altar of the Shining One.
  8385 | D:7      | Found a white marble altar of Elyvilon.
  8422 | D:7      | Reached skill level 9 in Alchemy
  8605 | D:7      | Found a sparkling altar of Nemelex Xobeh.
  9330 | D:8      | Noticed Psyche
  9335 | D:8      | Killed Psyche
  9438 | D:8      | Killed from afar by Gastronok

Illustrated notes

Levels and vault maps discovered:
D:1:      dpeg_arrival_rhombi, layout_rooms,
          hellmonk_ecumenical_altar_heavens_door, serial_park_tiny_1,
          serial_bayou_pond_b
D:2:      layout_loops_cross, st_stairs_13
D:3:      layout_loops_ring, hangedman_ru_absence, serial_rivers,
          chequers_serial_rivers_room_b, chequers_serial_rivers_room_b,
          chequers_serial_rivers_marsh, chequers_serial_rivers_micro_c
D:4:      minmay_opposing_rooms, layout_basic, old_standard_altar,
          minmay_three_crescents, uniq_crazy_yiuf_cottage
D:5:      minmay_chambers_of_threes, layout_loops_ring,
          lemuel_coloured_pillars_altar, goddamned_bats
D:6:      layout_rooms, nicolae_overflow_guarded_unrand_okawaru_victory,
          minmay_temple_entry_offerings
D:7:      layout_basic, dreamdust_divine_triumvirate, lemuel_doored_altar,
          nemelex_spade_bored_becter
D:8:      layout_basic, david_lair_generic, serial_shops,
          nicolae_shop_gaudy_bauble, minmay_chambers_of_fives, uniq_maurice,
          uniq_psyche, uniq_gastronok
Temple:   nicolae_temple_two_arcs

Skill      XL: |  1  2  3  4  5  6  7  8  9 10 |
---------------+-------------------------------+-----
Alchemy        | 4 5 7 8 9 |  9.1
Unarmed Combat | 1 2 3 |  3.9
Stealth        | 3 4 6 7 |  7.3
Conjurations   | 2 3 4 5 |  5.6
Spellcasting   | 3 4 5 6 |  6.4
Throwing       | 1 2 |  2.3
Fighting       | 1 2 |  2.1
Air Magic      | 1 2 |  2.3
Dodging        | 3 4 |  4.5
Staves         | 3 4 |  4.7
Evocations     | 2 |  2.4

Action                     |  1- 3 |  4- 6 |  7- 9 | 10-12 || total
---------------------------+-------+-------+-------+-------++-------
  Melee: Unarmed           |    39 |    60 |   140 |       ||   239
         Constrict         |    11 |    14 |    35 |    22 ||    82
         Tentacles         |     9 |    14 |    56 |    38 ||   117
         Punch             |       |     2 |     9 |     7 ||    18
         Quarterstaff      |       |       |    43 |    61 ||   104
         Staff             |       |       |       |    62 ||    62
  Throw: Dart              |       |     3 |    16 |       ||    19
   Cast: Sting             |    46 |    59 |   129 |    33 ||   267
         Mercury Vapours   |       |     6 |     3 |       ||     9
         Mephitic Cloud    |       |     3 |    22 |     8 ||    33
         Olgreb's Toxic Ra |       |       |     5 |     5 ||    10
  Evoke: Wand              |       |     2 |     9 |     7 ||    18
    Use: Scroll            |     2 |     1 |    10 |     4 ||    17
         Potion            |       |       |     3 |     2 ||     5
   Stab: Confused          |       |     1 |     5 |     1 ||     7
         Sleeping          |       |       |     1 |       ||     1
         Paralysed         |       |       |     7 |       ||     7
         Distracted        |       |       |       |     1 ||     1
 Armour: Skin              |    19 |    23 |    89 |    37 ||   168
  Dodge: Dodged            |    34 |    57 |   187 |    91 ||   369
